Termas, chaotic female elven Wizard ------------ ---------- |..........| .......$.| |........f.| #........... |.........@s####### ........| --------#-.- # --------- ####### # ### # ## -.----- ------- |.....| |.....# |.....| |.<...| |.....| #|..^^.|# |......######...^...# |.....| #|.....| |...... #.....| ------- ------- Termas the Evoker Experience level: 2 Strength: 11 Dexterity: 13 Constitution: 14 Intelligence: 20 Wisdom: 8 Charisma: 11 Health: 0(20) Energy: 24(24) AC: 7 Gold: 976 Moves: 2519 Your Inventory: Coins $ - 976 gold pieces Weapons a - a blessed +1 quarterstaff (weapon in hands) p - an [uncursed +0] crude dagger [orcish] (in quiver) r - an [uncursed +0] dart t - an [uncursed +0] sling E - an [uncursed +0] dagger M - an [uncursed +0] sling Armor b - a blessed +2 cloak of magic resistance (being worn) N - a [cursed -1] pair of jackboots [high] Comestibles q - an [uncursed stale] egg B - an [uncursed] lembas wafer Scrolls i - 3 uncursed scrolls of teleportation k - an uncursed scroll of identify A - a [blessed] scroll labeled ELBIB YLOH [of charging] Spellbooks l - a blessed spellbook of force bolt m - an uncursed spellbook of protection K - an [uncursed] crimson spellbook [of cure blindness] Potions f - an uncursed potion of levitation h - 2 uncursed potions of speed G - an [uncursed] potion of blindness I - an [uncursed] clear potion [of water] J - an [uncursed] muddy potion [of booze] Rings d - an uncursed +1 ring of gain intelligence e - an uncursed ring of shock resistance D - a [cursed] black onyx ring [of invisibility] Wands c - an uncursed wand of cold (0:5) L - an [uncursed] mahogany wand [of light (0:13)] Tools n - an uncursed bugle C - an [uncursed] tinning kit [0:92] Gems z - an [uncursed] violet gem [worthless glass] Spells known in the end: Name Level Category Fail Memory a - force bolt 1 attack 0% [||||||||] b - protection 1 clerical 0% [||||||||] Your skills at the end: Fighting Skills Weapon Skills quarterstaff [Basic / Expert] Spellcasting Skills attack spells [Basic / Expert] enchantment spells [Basic / Skilled] Final Attributes: You were devoutly aligned. Hunger level was 269. Your alignment was 19 / 22. Monster difficulty range was 1 - 5. Level difficulty was 8. You were magic-protected. You saw invisible. You had infravision. Your luck was zero. You are dead. Vanquished creatures: a snake 2 rock piercers a yellow light a violet fungus a kobold mummy a black naga hatchling a gray ooze a kitten 3 hill orcs a rothe a giant bat 3 hobbits a hobgoblin a red mold a gnome 3 gnome zombies 5 jackals 3 kobolds a goblin 5 grid bugs a bat 5 lichens a kobold zombie 6 newts 50 creatures vanquished. Voluntary challenges: You were an atheist. You used a wielded weapon 8 times. You read items or engraved 111 times. You put on armor 1 time. You never genocided any monsters. You never polymorphed an object. You never changed form. You used no wishes. You wrote Elbereth's name 74 times. You never encountered a bones level. You never used any Sokoban shortcuts. Dungeon overview: The Dungeons of Doom: levels 1 to 8 Level 1 a long staircase Level 2 stairs to The Gnomish Mines Level 3 a general store Level 4 a potion shop, a fountain Level 8 <- You were here The Gnomish Mines: Level 3 stairs to The Dungeons of Doom History has recorded: On T:1 you entered the Dungeons of Doom to retrieve the Amulet of Yendor! On T:59 you reached level 2 of The Dungeons of Doom. On T:554 you reached level 1 of The Gnomish Mines. On T:686 you reached level 3 of The Dungeons of Doom. On T:852 you reached level 4 of The Dungeons of Doom. On T:1163 you advanced to experience level 2. On T:1508 you reached level 5 of The Dungeons of Doom. On T:1745 you reached level 6 of The Dungeons of Doom. On T:1778 you reached level 7 of The Dungeons of Doom. On T:2299 you reached level 8 of The Dungeons of Doom. Latest messages: The hobbit is killed! The large cat eats a hobbit corpse. You displaced your large cat. i - an uncursed scroll of teleportation. M - a sling. N - a pair of jackboots. [HP+1=14] [HP+1=15] [HP+1=16] You hear some noises. [HP+1=17] The newt bites! [HP-2=15] You kill the newt! The giant spider bites! [HP-5=10] The giant spider bites! [HP-8=2] [HP+1=3] The giant spider bites! You die... Final status: Goodbye Termas the Wizard... You died in The Dungeons of Doom on dungeon level 8 with 1361 points, and 976 pieces of gold, after 2519 moves. You were level 2 with a maximum of 20 hit points when you died.